 Dungeon Crawl Stone Soup version 0.27.1-33-g824d729ab1 (webtiles) character file.

Game seed: 9978427289249017756

561 sking99 the Purveyor of Pain (level 7, -4/62 HPs)
             Began as a Deep Dwarf Necromancer on Dec 8, 2021.
             Was an Initiate of Kikubaaqudgha.
             Killed by divine providence
             ... invoked by an orc priest
              (13 damage)
             ... on level 5 of the Dungeon.
             The game lasted 00:16:31 (6298 turns).

sking99 the Purveyor of Pain (DDNe)                 Turns: 6298, Time: 00:16:31

Health: -4/62      AC:  7    Str: 12    XL:     7   Next: 9%
Magic:  2/11       EV: 12    Int: 17    God:    Kikubaaqudgha [......]
Gold:   134        SH:  0    Dex: 19    Spells: 7/12 levels left

rFire    . . .     SeeInvis .   k - +4 dagger (venom)
rCold    . . .     Faith    .   (no shield)
rNeg     . . .     Spirit   .   a - +0 robe
rPois    .         Reflect  .   (no helmet)
rElec    .         Harm     .   (no cloak)
rCorr    .         Rampage  .   m - +0 pair of gloves
Will     +....                  (no boots)
Stlth    ++........             (no amulet)
HPRegen  0.00/turn              b - +4 ring of protection
MPRegen  0.12/turn              c - +6 ring of dexterity

@: no status effects
A: damage resistance, heal wounds, sense surroundings 1, no regeneration
a: Heal Wounds, Renounce Religion


You were on level 5 of the Dungeon.
You worshipped Kikubaaqudgha.
Kikubaaqudgha was noncommittal.
You visited 1 branch of the dungeon, and saw 5 of its levels.

You collected 134 gold pieces.

Inventory:

Hand Weapons
 k - a +4 dagger of venom (weapon)
Armour
 a - a +0 robe (worn)
 m - a +0 pair of gloves (worn)
Jewellery
 b - a +4 ring of protection (left hand)
 c - a +6 ring of dexterity (right hand)
Scrolls
 e - a scroll of fog
 f - 2 scrolls of amnesia
Potions
 g - a potion of curing
 h - a potion of brilliance {unknown}
 i - a potion of attraction {unknown}
 l - 2 potions of haste


   Skills:
 + Level 3.1 Fighting
 + Level 1.3 Short Blades
 - Level 2.1 Dodging
 - Level 2.4 Stealth
 - Level 3.2 Spellcasting
 * Level 7.4 Necromancy


You had 7 spell levels left.
You knew the following spells:

 Your Spells              Type           Power      Damage    Failure   Level
a - Pain                  Necr           100%       1d9       1%          1
b - Animate Skeleton      Necr           54%        N/A       1%          1
c - Vampiric Draining     Necr           13%        2d7       2%          3

Your spell library contained the following spells:

 Spells                   Type           Power      Damage    Failure   Level
 Animate Dead             Necr           13%        N/A       9%          4
 Agony                    Necr           27%        N/A       22%         5
 Stone Arrow              Conj/Erth      4%         3d7       45%         3
 Animate Armour           Summ/Erth      4%         N/A       86%         4
 Lehudib's Crystal Spear  Conj/Erth      1%         10d2      100%        8


Dungeon Overview and Level Annotations

Branches:
Dungeon (5/15)
 Temple: D:4-7

Altars:
Kikubaaqudgha


Innate Abilities, Weirdness & Mutations

You are resistant to damage.
You can heal yourself by infusing magical energy.
You passively map a small area around you.
You do not regenerate.


Message History

Unknown command.
The centaur barely misses you. x2
Casting: Pain (safe; 1% risk of failure)
Confirm with . or Enter, or press ? or * to list all spells.
You don't have enough magic to cast this spell.
The centaur wields a +0 shortbow.
The centaur shoots an arrow.
The arrow completely misses you.
The centaur shoots an arrow.
The arrow barely misses you.
The centaur looks more healthy.
The centaur shoots an arrow.
The arrow hits you.
* * * LOW HITPOINT WARNING * * *
Casting: Pain (safe; 1% risk of failure)
Confirm with . or Enter, or press ? or * to list all spells.
Aiming: Pain (safe; 1% risk of failure)
Press: ? - help, Shift-Dir - straight line, f/p - centaur
Aim: a centaur, wielding a +0 shortbow and quivering arrows (almost dead, chance to affect: 84%)
Something writhes in agony.
The centaur shoots an arrow.
The arrow closely misses you.
The centaur shoots an arrow.
Casting: Pain (safe; 1% risk of failure)
Confirm with . or Enter, or press ? or * to list all spells.
Aiming: Pain (safe; 1% risk of failure)
Press: ? - help, Shift-Dir - straight line, f/p - centaur
Aim: a centaur, wielding a +0 shortbow and quivering arrows (almost dead, chance to affect: 84%)
Something writhes in agony!
Kikubaaqudgha accepts your kill.
Reactivating autopickup.
You feel a bit more experienced.
Unknown command.
The centaur shoots an arrow.
The arrow misses you.
The centaur shoots an arrow.
The arrow hits you.
* * * LOW HITPOINT WARNING * * *
The centaur shoots an arrow.
The arrow hits you!
* * * LOW HITPOINT WARNING * * *
The centaur shoots an arrow.
The arrow hits you.
The centaur shoots an arrow.
The arrow misses you.
The centaur shoots an arrow.
The arrow closely misses you.
The orc priest calls down the wrath of Beogh upon you.
Beogh smites you!
You die...
Kikubaaqudgha rasps: "You have failed me!
Welcome... death!"

* ............##
##.....#####...###
##.. . , ##..# #
### #... * *,*
#...# #.# #... * *
#.....,
#.########## #..#
< .......
##.........# *..#
, ........
###.......# #.# ,,
o. ######..## ##@#
,, ... ### #.<.#
#..# , ..... ..###
###..<# #.O# * ,
#....
##..###....####.c#
* , , ..?.
##......### #...#
* # $.. ##...###
#..## #., #..
##..## #o.#
#..####.. #...#
#.## #.......
##...# #.# #.##..


You could see an ogre, a centaur and an orc priest.

Vanquished Creatures
  A water moccasin skeleton (D:4)
  2 hounds
  3 centaur skeletons
  Natasha (twice) (D:4)
  6 orc wizards
  9 adders
  3 dart slugs
  8 orcs
  5 ball pythons
  4 bats
  10 endoplasms
  3 giant cockroaches
  7 goblins
  11 hobgoblins
  12 jackals
  3 quokkas (D:4)
  2 frilled lizards (D:3)
  8 kobolds
  2 rats (D:1)
101 creatures vanquished.

Vanquished Creatures (collateral kills)
  An endoplasm (D:2)
1 creature vanquished.

Grand Total: 102 creatures vanquished

Notes
Turn   | Place    | Note
-------+----------+-------------------------------------------
     0 | D:1      | sking99 the Deep Dwarf Necromancer began the quest for the
                  | Orb.
     0 | D:1      | Reached XP level 1. HP: 15/15 MP: 3/3
   279 | D:1      | Reached XP level 2. HP: 24/24 MP: 0/4
   719 | D:1      | Reached skill level 1 in Fighting
   731 | D:1      | Learned a level 1 spell: Animate Skeleton
  1032 | D:1      | Reached skill level 5 in Necromancy
  1032 | D:1      | Reached XP level 3. HP: 31/31 MP: 2/6
  1641 | D:1      | Reached XP level 4. HP: 33/38 MP: 1/7
  1801 | D:2      | Learned a level 3 spell: Vampiric Draining
  2674 | D:3      | Reached XP level 5. HP: 45/45 MP: 6/8
  3033 | D:3      | Found a faded altar of an unknown god.
  3351 | D:3      | Reached skill level 6 in Necromancy
  3804 | D:4      | Reached XP level 6. HP: 51/54 MP: 6/10
  4130 | D:4      | Noticed Natasha
  4140 | D:4      | Killed Natasha
  4491 | D:4      | Noticed Natasha
  4931 | D:4      | Reached skill level 7 in Necromancy
  5325 | D:4      | Found an ancient bone altar of Kikubaaqudgha.
  5332 | D:4      | Became a worshipper of Kikubaaqudgha
  5442 | D:4      | Killed Natasha
  5662 | D:5      | Entered Level 5 of the Dungeon
  5803 | D:5      | Noticed a two-headed ogre
  6008 | D:5      | Noticed a two-headed ogre
  6124 | D:5      | Reached skill level 1 in Short Blades
  6235 | D:5      | Reached XP level 7. HP: 61/62 MP: 11/11
  6298 | D:5      | Killed from afar by an orc priest

Illustrated notes

Levels and vault maps discovered:
D:1:      grunt_arrival_crossed_arrows, layout_basic
D:2:      layout_rooms
D:3:      layout_loops_corners, dreamdust_ecumenical_altar_angels_and_demons
D:4:      layout_basic, kiku_gazebo_pond_becter, minmay_misc_feat_ornament,
          kennysheep_generic_room_11, uniq_natasha
D:5:      layout_layer_cave, amcnicky_altar_gilded, kennysheep_mini_moat,
          temple_statues, uniq_sigmund, uniq_ijyb

Skill      XL: |  1  2  3  4  5  6 |
---------------+-------------------+-----
Spellcasting   | 2 3 |  3.2
Fighting       | 1 2 3 |  3.1
Necromancy     | 5 6 7 |  7.4
Short Blades   | 1 |  1.3
Dodging        | |  2.1
Stealth        | |  2.4

Action                   |  1- 3 |  4- 6 |  7- 9 || total
-------------------------+-------+-------+-------++-------
Melee: Unarmed           |     5 |       |       ||     5
       Short sword       |     4 |       |       ||     4
       Dagger            |       |    89 |     3 ||    92
 Cast: Pain              |    66 |    82 |     7 ||   155
       Animate Skeleton  |     6 |     5 |       ||    11
       Vampiric Draining |       |    22 |     2 ||    24
  Use: Scroll            |       |    11 |       ||    11
Armor: Robe              |    14 |    56 |     9 ||    79
Dodge: Dodged            |    34 |    73 |    15 ||   122
